Map: Ever Dream LE

Players

ExpecT - Winner!

  • Race: Terran Terran
  • Spawn Location: 1:00

Sen

  • Race: Zerg Zerg
  • League: Grandmaster
  • Spawn Location: 7:00

Event: DreamHack SC2 Masters 2020 Summer TwHkMoJp

VOD

Have the link to the VOD?

Description

Time

  • Played on: June 25, 2020, 8:15 a.m.
  • Length: 17:53

All games in this series

Show
View Real Time Build Order
Export as new Build Order

ExpecT Terran - Winner!

Build Orders: Reaper Expand, Banshee Rush 

Get SALT Encoding   

  12  0:00  SCV  
  13  0:12  SCV  
  14  0:17  Supply Depot  
  14  0:24  SCV  
  15  0:38  SCV  
  15  0:40  Barracks  
  16  0:43  Refinery  
  16  0:50  SCV  
  17  1:02  SCV  
  18  1:15  SCV  
  19  1:27  Orbital Command  
  19  1:28  Reaper  
  20  1:39  Command Center  
  20  1:51  Supply Depot  
  20  1:53  SCV  
  21  2:00  Marine  
  22  2:06  Factory  
  22  2:07  SCV  
  23  2:14  Refinery  
  23  2:19  SCV  
  23  2:22  Barracks Reactor  
  24  2:32  SCV  
  25  2:44  SCV  
  25  2:51  Orbital Command  
  26  2:53  Starport  
  26  2:56  SCV  
  27  3:07  Hellion x2  
  27  3:08  SCV  
  27  3:11  Barracks Tech Lab  
  32  3:17  SCV  
  33  3:20  SCV  
  33  3:25  Supply Depot  
  34  3:29  Hellion x2  
  34  3:32  SCV x2  
  40  3:37  Banshee, Cloaking Field  
  43  3:43  Barracks Tech Lab  
  43  3:45  SCV x2  
  45  3:56  Command Center  
  45  3:59  SCV x2  
  47  4:04  Supply Depot  
  47  4:11  Stimpack, Marine, SCV x2  
  50  4:20  Banshee  
  50  4:23  SCV  
  54  4:26  SCV  
  54  4:27  Supply Depot  
  55  4:34  Factory Reactor  
  55  4:35  SCV  
  56  4:38  SCV  
  56  4:41  Barracks  
  56  4:44  Barracks  
  56  4:45  Marine  
  57  4:47  SCV  
  57  4:50  SCV  
  60  4:53  Engineering Bay x2  
  60  4:57  Refinery  
  60  4:58  Refinery  
  60  4:59  SCV  
  61  5:02  SCV  
  61  5:03  Marine  
  63  5:09  Orbital Command  
  63  5:11  SCV  
  64  5:14  Starport Reactor, SCV  
  65  5:22  Siege Tank  
  65  5:23  SCV  
  65  5:26  Terran Infantry Weapons Level 1  
  65  5:27  SCV  
  70  5:30  Supply Depot  
  70  5:33  Barracks x2  
  70  5:35  Orbital Command, SCV  
  70  5:39  SCV  
  72  5:47  Marine x5  
  77  5:53  SCV x2  
  79  5:59  Medivac  
  79  6:00  Siege Tank, Medivac, Combat Shield  
  83  6:04  Supply Depot  
  83  6:05  SCV x3  
  83  6:07  Supply Depot  
  86  6:12  Marine x5  
  86  6:17  SCV x2  
  93  6:21  Barracks Reactor x2  
  93  6:22  Armory  
  93  6:26  SCV  
  93  6:29  SCV x2  
  93  6:30  Supply Depot x2, Marine x2  
  93  6:31  Marine x3  
  101  6:33  Terran Infantry Armor Level 1  
  101  6:36  Supply Depot  
  101  6:41  SCV  
  101  6:42  SCV x2  
  104  6:48  Siege Tank, Marine x2  
  104  6:51  Marine x3  
  112  6:56  Supply Depot  
  112  6:57  Marine x4  
  117  7:01  SCV x3  
  117  7:03  Supply Depot  
  117  7:06  Marine, Medivac x2  
  124  7:11  Marine x2  
  124  7:12  Marine  
  127  7:18  Marine x5  
  132  7:24  Marine  
  132  7:28  Terran Infantry Weapons Level 2  
  132  7:29  Marine x2  
  135  7:30  Supply Depot x2  
  135  7:32  Marine  
  135  7:36  Supply Depot, Marine x3  
  138  7:39  Supply Depot  
  138  7:41  Medivac x2  
  142  7:50  Marine  
  142  7:51  Marine x3  
  136  7:54  Siege Tank  
  136  7:57  Refinery, Factory  
  135  7:59  Marine x5  
  140  8:07  Drilling Claws  
  140  8:08  Marine x2  
  142  8:17  Command Center  
  142  8:19  Marine  
  142  8:20  Marine x2  
  142  8:21  Marine x3  
  132  8:27  Marine x2  
  132  8:28  Marine  
  132  8:30  Medivac x2  
  132  8:33  Siege Tank  
  142  8:37  Marine  
  142  8:38  Missile Turret  
  142  8:39  Supply Depot  
  143  8:42  Missile Turret  
  143  8:44  Marine x3  
  146  8:50  Marine x3  
  146  8:52  Factory Reactor  
  149  8:58  Marine x3  
  149  9:02  Marine  
  153  9:04  Marine x2  
  153  9:05  Siege Tank  
  153  9:08  Marine  
  143  9:15  Marine x2  
  143  9:16  Marine x2  
  143  9:17  Marauder  
  138  9:25  Barracks  
  138  9:26  Barracks x2  
  138  9:29  Marine x2, Missile Turret  
  138  9:30  Marine x2  
  142  9:35  Widow Mine x2  
  142  9:37  Marine x2  
  142  9:38  Marauder, Terran Infantry Armor Level 2  
  150  9:39  Marine x2  
  150  9:42  Missile Turret  
  152  9:46  Thor  
  152  9:51  Planetary Fortress  
  158  10:03  Marauder, Marine x6  
  166  10:10  Widow Mine x2  
  166  10:12  Missile Turret  
  166  10:14  Missile Turret  
  160  10:16  Missile Turret  
  160  10:17  Barracks Tech Lab x3  
  160  10:25  Marauder, Marine x2  
  160  10:27  Marine x2  
  166  10:29  Marine  
  165  10:40  SCV x4  
  166  10:42  Marine  
  166  10:43  Marauder, Marine x2  
  166  10:47  Marauder  
  166  10:49  Missile Turret  
  171  10:56  Marine  
  171  10:57  Marine  
  168  10:58  Marine  
  168  10:59  Marine x3  
  169  11:04  SCV x2  
  169  11:06  Terran Infantry Weapons Level 3  
  169  11:08  Marauder  
  170  11:12  Marine x2  
  170  11:15  SCV x2  
  170  11:16  SCV, Missile Turret  
  175  11:22  Marine x2  
  175  11:23  Marauder  
  179  11:27  Marauder, Marine x3  
  179  11:31  Marine  
  179  11:32  Marine  
  186  11:35  Marine  
  115  11:47  Thor, Medivac x2  
  115  11:48  Widow Mine x2  
  115  11:53  Marauder x2, Marine x5  
  115  11:54  Marauder  
  125  11:57  Marauder, Marine x2  
  125  12:00  Marine  
  116  12:10  Marine  
  116  12:12  Widow Mine x2  
  116  12:13  Marine x4  
  116  12:14  Marine x2  
  116  12:15  Terran Infantry Armor Level 3, Marauder x3  
  133  12:26  Marauder, Marine  
  133  12:28  Marine  
  137  12:30  Marine x2  
  137  12:31  Medivac x2  
  137  12:36  Marauder, SCV x3  
  148  12:39  Marauder, Marine x4  
  148  12:40  Marauder  
  148  12:43  Marine, Widow Mine x2  
  161  12:45  Widow Mine  
  161  12:47  Marine x2  
  161  12:48  Marine x2  
  167  12:57  Marine x4  
  171  13:01  SCV x2  
  171  13:02  Marine  
  171  13:03  Marauder, Marine x2  
  171  13:04  Marine  
  177  13:08  Thor  
  177  13:09  Marine, Widow Mine x2  
  177  13:10  Marauder  
  189  13:15  Marauder  
  189  13:18  Starport Reactor  
  191  13:23  Marauder, Marine x3  
  195  13:28  Marine  
  195  13:31  Marine  
  195  13:32  Marauder, Marine  
  195  13:33  Marine  
  196  13:38  Supply Depot  
  196  13:46  Barracks  
  196  13:47  Barracks  
  196  13:48  Marauder, Marine x2  
  196  13:49  Marauder  
  196  13:51  Marauder  
  196  13:54  Marine x2  
  196  13:55  Marauder, Marine  
  182  14:06  Marine x3  
  182  14:09  Marauder, Widow Mine, Thor  
  196  14:10  Widow Mine  
  196  14:16  Marine  
  156  14:17  Marauder x3  
  149  14:29  Medivac x2  
  149  14:31  Marauder, Marine x6, Widow Mine x2  
  154  14:33  Barracks Tech Lab  
  154  14:34  Barracks Tech Lab  
  159  14:38  Marauder  
  159  14:39  Marauder  
  161  14:49  Marine  
  161  14:50  Marauder, Marine x2  
  119  14:56  Marine x2  
  119  14:57  Marauder x3, Marine  
  119  14:59  Marine  
  124  15:00  Marauder x2  
  124  15:04  Widow Mine  
  124  15:05  Widow Mine x2  
  124  15:06  Orbital Command  
  134  15:10  SCV x3  
  134  15:12  Marauder  
  139  15:20  Unknown  
  139  15:24  Marauder x2, Marine x2  
  139  15:26  Widow Mine x3  
  151  15:28  Marine  
  151  15:29  Marauder x2, Marine  
  151  15:32  Marine  
  151  15:34  Marine x2  
  151  15:35  Marauder  
  162  15:42  Marine x2  
  156  15:43  Marauder  
  156  15:44  SCV x2  
  156  15:45  SCV  
  156  15:47  Marine x2, Widow Mine  
  156  15:48  Marauder x2, Marine  
  171  15:50  Marine x2  
  171  15:51  Marauder  
  175  15:57  Marine x2  
  175  15:58  Marauder  
  175  16:02  Marine  
  165  16:07  Medivac x2  
  165  16:08  Widow Mine x2  
  165  16:09  Widow Mine  
  165  16:10  Marauder x2, Marine x3  
  182  16:13  Marauder, Marine x3  
  182  16:16  Marine x2  
  182  16:17  Marauder  
  188  16:19  Marine  
  188  16:23  Marine  
  184  16:27  Marine  
  184  16:31  Marauder  
  184  16:32  Marauder, Marine  
  154  16:33  Marauder  
  154  16:37  Marine, Medivac  
  154  16:38  Marauder x3  
  135  16:49  Marine x3  
  135  16:51  Marine x2  
  135  16:52  Marine  
  135  16:53  Marauder x2  
  140  16:54  Marauder  
  140  16:59  Marauder x2, Marine x2  
  144  17:05  Marine  
  144  17:06  Marine  
  131  17:09  Medivac x2  
  131  17:14  Marauder x2, Widow Mine x3  
  145  17:21  Marine x2  
  145  17:22  Marauder x2, Marine x2  
Show
View Real Time Build Order
Export as new Build Order

Sen Zerg 

Build Orders: Hatch First, Muta Ling Bane 

Get SALT Encoding   

  12  0:00  Drone  
  13  0:12  Overlord  
  13  0:19  Drone  
  14  0:30  Drone x2  
  16  0:48  Hatchery  
  15  0:50  Drone  
  15  0:54  Drone  
  17  0:57  Drone  
  18  1:08  Extractor  
  17  1:13  Spawning Pool  
  17  1:16  Drone  
  17  1:18  Drone  
  18  1:27  Drone  
  19  1:39  Drone  
  20  1:45  Hatchery  
  19  2:00  Queen  
  21  2:03  Queen  
  21  2:07  Zergling x2  
  24  2:10  Zergling x2  
  24  2:13  Drone  
  26  2:16  Drone  
  26  2:21  Overlord  
  27  2:32  Drone  
  28  2:38  Metabolic Boost  
  28  2:45  Drone x4  
  32  2:51  Queen  
  32  2:58  Drone  
  35  2:59  Drone x2  
  37  3:08  Drone  
  37  3:09  Overlord  
  37  3:10  Drone  
  39  3:13  Drone  
  39  3:17  Queen  
  42  3:25  Overlord  
  42  3:30  Queen  
  42  3:32  Drone x2  
  46  3:35  Drone x2  
  46  3:41  Drone x2  
  50  3:42  Overlord  
  50  3:47  Drone x2  
  52  3:48  Drone  
  52  3:54  Queen  
  55  3:59  Drone x2  
  55  4:02  Zergling x8  
  61  4:08  Drone x2  
  63  4:11  Drone  
  63  4:13  Overlord  
  63  4:14  Spore Crawler  
  63  4:17  Extractor  
  63  4:20  Drone  
  63  4:21  Evolution Chamber, Drone x2  
  63  4:23  Evolution Chamber, Extractor  
  62  4:24  Drone  
  62  4:25  Drone  
  62  4:28  Drone  
  62  4:29  Drone  
  66  4:34  Drone x3  
  66  4:35  Drone x2  
  71  4:39  Overlord  
  71  4:41  Drone x2  
  71  4:42  Drone  
  74  4:48  Overlord  
  74  4:49  Lair  
  74  4:56  Zerg Ground Armor Level 1  
  74  5:00  Drone x4, Spore Crawler  
  74  5:01  Drone  
  74  5:02  Drone  
  79  5:07  Drone  
  79  5:08  Drone  
  79  5:09  Zerg Melee Weapons Level 1  
  79  5:11  Extractor  
  79  5:12  Drone  
  79  5:13  Zergling x2, Baneling Nest  
  79  5:14  Zergling x4  
  82  5:15  Zergling x2  
  82  5:19  Zergling x4  
  85  5:26  Overlord  
  85  5:27  Drone x2  
  85  5:28  Drone x3  
  90  5:32  Extractor x2  
  88  5:39  Overlord  
  88  5:41  Hatchery  
  85  5:45  Spore Crawler  
  85  5:48  Drone x2  
  85  5:49  Drone x4  
  86  5:53  Drone  
  84  5:58  Drone x7  
  84  6:00  Drone x3  
  84  6:02  Overseer  
  92  6:06  Overseer  
  92  6:10  Drone x3, Spire  
  93  6:16  Drone  
  93  6:18  Centrifical Hooks  
  93  6:23  Zergling x2  
  93  6:24  Zergling x8  
  98  6:32  Zergling x10  
  103  6:39  Zergling x4  
  105  6:41  Baneling x3  
  105  6:42  Baneling x5  
  105  6:52  Baneling x3  
  107  6:54  Zergling x14  
  107  6:55  Baneling x3, Overlord  
  107  7:00  Unknown  
  111  7:11  Zergling x2  
  108  7:18  Zergling x22  
  114  7:23  Zergling x2  
  114  7:25  Zergling x2  
  114  7:26  Zergling x4  
  115  7:34  Baneling x2  
  115  7:35  Zergling x10  
  120  7:42  Baneling  
  120  7:43  Baneling x2  
  119  7:50  Zergling x8  
  119  7:51  Zergling x12  
  114  7:56  Zergling x8  
  114  7:57  Zerg Melee Weapons Level 2, Zerg Ground Armor Level 2  
  114  7:58  Overlord  
  117  8:00  Zerg Flyer Weapons Level 1  
  117  8:02  Baneling x2  
  117  8:07  Baneling  
  117  8:08  Zergling x2  
  117  8:09  Zergling x4  
  120  8:15  Overlord x2  
  120  8:18  Baneling x10, Hatchery  
  118  8:21  Baneling  
  118  8:22  Baneling x7  
  118  8:23  Zergling x4  
  106  8:27  Zergling x2  
  106  8:28  Zergling x20  
  106  8:29  Baneling  
  106  8:30  Baneling x7, Mutalisk  
  119  8:38  Mutalisk x5  
  119  8:40  Baneling x3  
  129  8:46  Zergling x10  
  133  8:51  Baneling x5  
  133  8:53  Zergling x4  
  135  8:58  Overlord  
  135  9:06  Zergling x2  
  135  9:07  Zergling x8  
  123  9:16  Mutalisk x8  
  126  9:26  Baneling  
  126  9:27  Baneling x3  
  126  9:29  Drone x2  
  128  9:35  Hatchery  
  127  9:41  Drone  
  127  9:42  Drone x2  
  127  9:44  Baneling x2  
  130  9:47  Zergling x22  
  141  9:55  Zerg Flyer Armor Level 1  
  141  9:56  Infestation Pit  
  141  9:58  Baneling  
  141  9:59  Baneling  
  140  10:00  Overseer  
  140  10:08  Baneling x4  
  140  10:09  Zergling x20  
  140  10:12  Baneling x4  
  150  10:20  Baneling  
  150  10:21  Baneling x4  
  150  10:26  Baneling x4  
  150  10:27  Overlord  
  150  10:35  Baneling x7  
  148  10:43  Zergling x4  
  148  10:47  Overlord x2  
  148  10:48  Hive  
  148  10:49  Zergling x28  
  164  10:58  Baneling  
  164  11:00  Overlord x2  
  160  11:08  Mutalisk x4  
  164  11:14  Baneling x7  
  164  11:16  Zergling x14  
  164  11:17  Zergling x2  
  172  11:24  Drone  
  172  11:25  Drone x2  
  175  11:31  Overlord  
  175  11:35  Zergling x22  
  175  11:36  Zergling x8  
  167  11:41  Zergling x14  
  146  11:47  Zergling x4  
  146  11:48  Zergling x4  
  136  11:55  Zergling x16  
  141  12:02  Baneling x2  
  141  12:04  Baneling x10  
  141  12:05  Baneling x3  
  141  12:07  Adrenal Glands  
  141  12:08  Zerg Melee Weapons Level 3  
  141  12:09  Drone  
  141  12:15  Drone  
  143  12:19  Zerg Ground Armor Level 3  
  143  12:28  Ultralisk Cavern  
  142  12:30  Pneumatized Carapace  
  142  12:33  Drone x3  
  142  12:34  Spore Crawler  
  142  12:35  Drone x3, Spine Crawler  
  146  12:46  Baneling x4  
  146  12:47  Overlord  
  146  12:58  Zergling x12  
  152  12:59  Zergling x6  
  151  13:08  Baneling x2  
  151  13:09  Overlord  
  150  13:17  Chitinous Plating  
  150  13:18  Ultralisk x3  
  150  13:19  Ultralisk  
  172  13:24  Ultralisk  
  172  13:25  Ultralisk  
  178  13:28  Baneling x5  
  168  13:35  Zergling x2  
  168  13:36  Zergling x14  
  168  13:38  Baneling x6  
  175  13:41  Overseer  
  175  13:46  Overseer  
  172  13:49  Zergling x18  
  172  13:59  Zergling x16  
  172  14:02  Baneling x2  
  170  14:03  Baneling x2  
  170  14:08  Baneling x6  
  166  14:15  Zergling x12  
  166  14:16  Zergling x8  
  142  14:25  Zergling x16  
  142  14:29  Baneling  
  142  14:30  Baneling  
  142  14:31  Baneling x4  
  143  14:32  Zergling x6  
  146  14:41  Baneling x2, Zergling x14  
  151  14:48  Zergling x2  
  151  14:49  Zergling x12  
  151  14:52  Zergling x6  
  133  14:59  Drone x2  
  128  15:01  Anabolic Synthesis  
  128  15:04  Baneling x3  
  128  15:10  Baneling  
  128  15:16  Baneling, Infestor  
  128  15:17  Infestor x2  
  128  15:18  Infestor  
  128  15:19  Ultralisk  
  142  15:29  Greater Spire  
  142  15:35  Drone x3  
  130  15:43  Ultralisk  
  130  15:44  Baneling, Ultralisk x2  
  130  15:45  Baneling x2  
  130  15:49  Drone  
  149  15:50  Extractor  
  149  15:52  Extractor  
  146  15:57  Baneling x4  
  146  16:01  Zergling x24  
  149  16:05  Zergling x8  
  149  16:09  Zergling x6  
  139  16:20  Zergling x22  
  112  16:35  Zergling x6  
  112  16:39  Zergling x24  
  108  16:45  Overseer  
  101  16:53  Hatchery, Ultralisk  
  105  16:54  Zergling x10  
  101  17:02  Overseer  
  101  17:06  Zergling x24  
  101  17:19  Baneling x10  
  101  17:26  Baneling  
  101  17:27  Zergling x22  
Tags
 
Add a new tag
Caveats
  • Supply blocks, unpowered buildings, or Contaminate may cause inaccurate times.
  • Supply counts are checked every 10 seconds.